 Dungeon Crawl Stone Soup version 0.26.1-2-gb8aa6d0cf2 (webtiles) character file.

Game seed: 15809716233235821086

1937 Groucho the Covert (level 8, -2/36 HPs)
             Began as a Spriggan Enchanter on Feb 21, 2021.
             Was an Initiate of Kikubaaqudgha.
             Slain by an ogre
             ... wielding a +0 giant club
              (9 damage)
             ... on level 6 of the Dungeon.
             The game lasted 00:26:59 (21029 turns).

Groucho the Covert (Spriggan Enchanter)            Turns: 21029, Time: 00:27:00

Health: -2/36      AC:  2    Str:  6    XL:     8   Next: 97%
Magic:  18/18      EV: 18    Int: 16    God:    Kikubaaqudgha [......]
Gold:   504        SH:  0    Dex: 17    Spells: 13/19 levels left

rFire    . . .     SeeInvis +   a - +1 dagger
rCold    . . .     Faith    .   (shield restricted)
rNeg     . . .     Spirit   .   b - +0 robe
rPois    .         Reflect  .   (helmet restricted)
rElec    .         Harm     .   (no cloak)
rCorr    .         Rampage  .   (gloves unavailable)
Will     +....                  (boots unavailable)
Stlth    ++++++....             (no amulet)
HPRegen  0.12/turn              (no ring)
MPRegen  0.16/turn              (no ring)

@: very quick
A: very small, unfitting armour, see invisible, speed 3
a: Renounce Religion


You were on level 6 of the Dungeon.
You worshipped Kikubaaqudgha.
Kikubaaqudgha was noncommittal.
You visited 2 branches of the dungeon, and saw 7 of its levels.

You collected 504 gold pieces.

Inventory:

Hand Weapons
 a - a +1 dagger (weapon)
Missiles
 q - 3 poisoned darts
 t - 6 boomerangs
Armour
 b - a +0 robe (worn)
Jewellery
 e - a +6 ring of dexterity {unknown}
 x - the ring "Cuf Pojo" {*Tele Dex+8}
   (You took it off an orc on level 5 of the Dungeon)

   [ring of teleportation]

   It may teleport you next to monsters.
   It affects your dexterity (+8).
 z - an uncursed ring of protection from cold {unknown}
Wands
 f - a wand of polymorph (8)
 p - a wand of random effects (15)
 s - a wand of iceblast (12)
Scrolls
 i - 4 scrolls of random uselessness {unknown}
 j - 2 scrolls of fear {unknown}
 k - a scroll of enchant armour {unknown}
 l - 2 scrolls of noise {unknown}
 m - 3 scrolls of identify {unknown}
 n - 2 scrolls of remove curse {unknown}
 v - 2 scrolls of teleportation
 y - 3 scrolls of fog {unknown}
 C - a scroll of magic mapping {unknown}
Potions
 c - a potion of heal wounds {unknown}
 d - 4 potions of curing
 g - a potion of haste
 h - 2 potions of berserk rage {unknown}
 o - 2 potions of attraction {unknown}
 r - a potion of brilliance {unknown}
 u - a potion of magic {unknown}
 w - a potion of cancellation {unknown}
 A - a potion of mutation {unknown}
 B - 2 potions of degeneration {unknown}
 D - a potion of invisibility {unknown}


   Skills:
 - Level 1.1 Short Blades
 - Level 3.0 Dodging
 * Level 14.3 Stealth
 + Level 6.4 Spellcasting
 + Level 6.9 Hexes


You had 13 spell levels left.
You knew the following spells:

 Your Spells              Type           Power        Failure   Level
a - Corona                Hex            30%          1%          1
b - Ensorcelled Hibernat  Hex/Ice        32%          4%          2
c - Confusing Touch       Hex            27%          2%          3

Your spell library contained the following spells:

 Spells                   Type           Power        Failure   Level
 Tukima's Dance           Hex            27%          2%          3
 Dazzling Flash           Conj/Hex       32%          10%         3


Dungeon Overview and Level Annotations

Branches:
Dungeon (6/15)             Temple (1/1) D:6

Altars:
Ashenzari
Cheibriados
Dithmenos
Elyvilon
Fedhas
Gozag
Kikubaaqudgha
Nemelex Xobeh
Okawaru
Ru
Sif Muna
Trog
Uskayaw
Vehumet
Wu Jian
Yredelemnul
Zin
The Shining One


Innate Abilities, Weirdness & Mutations

You are very small and have problems with some larger weapons.
You are too small for most types of armour.
You have supernaturally acute eyesight. (SInv)
You cover ground extremely quickly.


Message History

a +0 battleaxe; a +0 chain mail
There is a stone staircase leading up here.
You climb upwards.
There is a stone staircase leading down here.
You start resting.
Magic restored.
You start waiting.
Done waiting.
You start waiting.
Done waiting.
You start waiting.
Done waiting.
You climb downwards.
The ogre hits you with a +0 giant club!!
Ouch! That really hurt!
* * * LOW HITPOINT WARNING * * *
There is a stone staircase leading up, spattered with blood here.
You open the door. The ogre hits you with a +0 giant club!
You die...
Kikubaaqudgha rasps: "You have failed me!
Welcome... death!"

#................#.....#####.
#...####.........#'##########
#...# #...##..#.............
#...# #...##..#.............
#...# #...##..#.....O.......
#...####...##..#.#+#######...
#......'...+...#)............
###.####...###'#.............
#......#...'@................
#......#...#.O...............
#......##+##.................
#......##.##.................
#......+....##............###
#......##.#.##..........###
........#.....##.....####.#
####....#.#...##.....####.#
#....#.....##.....#....#


You could see an ogre.

Vanquished Creatures
  A wyvern (D:6)
  Edmund (D:4)
  Menkaure (D:4)
  A phantom (D:5)
  An orc warrior (D:6)
  A necrophage (D:4)
  3 ogres
  A bullfrog (D:6)
  2 scorpions
  A howler monkey (D:6)
  A quasit (D:5)
  3 hounds
  2 jellies (D:6)
  4 orc priests
  5 orc wizards
  Natasha (thrice) (D:4)
  Terence (D:2)
  3 worker ants
  6 adders
  A shadow imp (D:5)
  2 white imps (D:5)
  An ufetubus (D:6)
  An ooze (D:1)
  An adder skeleton (D:6)
  3 worms (D:2)
  2 dart slugs (D:1)
  4 leopard geckos
  22 orcs
  10 giant cockroaches
  10 goblins
  7 hobgoblins
  5 jackals (D:2)
  4 quokkas
  2 ball pythons
  6 bats
  6 frilled lizards
  A goblin zombie (D:5)
  13 kobolds
  A leopard gecko skeleton (D:4)
  A leopard gecko zombie (D:5)
  An orc zombie (D:5)
  2 quokka zombies
  9 rats
156 creatures vanquished.

Vanquished Creatures (others)
  66 plants (D:5)
66 creatures vanquished.

Grand Total: 222 creatures vanquished

Notes
Turn   | Place    | Note
-------+----------+-------------------------------------------
     0 | D:1      | Groucho the Spriggan Enchanter began the quest for the Orb.
     0 | D:1      | Reached XP level 1. HP: 9/9 MP: 5/5
   692 | D:1      | Reached skill level 5 in Stealth
   724 | D:1      | Reached XP level 2. HP: 7/13 MP: 6/6
  1272 | D:1      | Learned a level 2 spell: Ensorcelled Hibernation
  1513 | D:1      | Reached skill level 6 in Stealth
  2541 | D:1      | Reached XP level 3. HP: 11/16 MP: 1/8
  3357 | D:2      | Reached skill level 7 in Stealth
  5254 | D:2      | Learned a level 3 spell: Confusing Touch
  6022 | D:2      | Reached XP level 4. HP: 21/21 MP: 6/9
  6581 | D:2      | Noticed Terence
  6592 | D:2      | Killed Terence
  6593 | D:2      | Reached skill level 8 in Stealth
  9150 | D:3      | Reached XP level 5. HP: 24/24 MP: 5/10
  9439 | D:3      | Reached skill level 9 in Stealth
 10579 | D:3      | Found a snail-covered altar of Cheibriados.
 10580 | D:3      | Found a glowing golden altar of the Shining One.
 10640 | D:4      | Noticed an ogre
 11389 | D:4      | Noticed a necrophage
 11393 | D:4      | Killed a necrophage
 11394 | D:4      | Reached skill level 10 in Stealth
 11394 | D:4      | Reached XP level 6. HP: 28/28 MP: 11/11
 12264 | D:4      | Noticed Natasha
 12270 | D:4      | Killed Natasha
 12316 | D:4      | Noticed Natasha
 12330 | D:4      | Killed Natasha
 12331 | D:4      | Reached skill level 11 in Stealth
 12333 | D:4      | Found a blossoming altar of Fedhas.
 12823 | D:4      | Noticed Natasha
 12836 | D:4      | Killed Natasha
 13791 | D:4      | Reached XP level 7. HP: 32/32 MP: 8/13
 14027 | D:4      | Found a basalt altar of Yredelemnul.
 14069 | D:5      | Entered Level 5 of the Dungeon
 15092 | D:4      | You fall into a shaft and drop 2 floors!
 15604 | D:5      | Reached skill level 12 in Stealth
 15604 | D:5      | Reached skill level 5 in Hexes
 16696 | D:5      | Identified the ring "Cuf Pojo" {*Tele Dex+8}
 16799 | D:5      | Found a sparkling altar of Nemelex Xobeh.
 16930 | D:5      | Reached XP level 8. HP: 36/36 MP: 13/16
 17060 | D:5      | Reached skill level 5 in Spellcasting
 17634 | D:5      | Reached skill level 13 in Stealth
 17978 | D:4      | Noticed Edmund
 17978 | D:4      | Noticed Menkaure
 17980 | D:4      | Killed Edmund
 17990 | D:4      | Killed Menkaure
 18823 | D:6      | Found a staircase to the Ecumenical Temple.
 18834 | Temple   | Entered the Ecumenical Temple
 19122 | Temple   | Became a worshipper of Kikubaaqudgha
 19809 | D:6      | Reached skill level 14 in Stealth
 21029 | D:6      | Slain by an ogre

Illustrated notes

Levels and vault maps discovered:
D:1:      lemuel_arrival_funnel, layout_basic, minmay_misc_feat_rugged
D:2:      layout_basic, uniq_terence
D:3:      layout_basic, gammafunk_temple_overflow_statue
D:4:      layout_loops_corners, old_standard_altar, fedhas_altar_4, uniq_edmund,
          uniq_natasha, uniq_menkaure
D:5:      layout_loops_ring, lemuel_doored_altar, enter_ossuary_3, minivault_23,
          palyth_stone_intersect, kennysheep_boxes
D:6:      layout_basic, minmay_temple_entry_trees,
          minmay_misc_feat_secret_circle
Temple:   nicolae_temple_god_jail

Skill      XL: |  1  2  3  4  5  6  7  8 |
---------------+-------------------------+-----
Stealth        | 5 6 7 8 10 11 12 14 | 14.3
Spellcasting   | 3 4 6 |  6.4
Hexes          | 4 5 6 |  6.9
Short Blades   | |  1.1
Dodging        | |  3.0

Action                   |  1- 3 |  4- 6 |  7- 9 || total
-------------------------+-------+-------+-------++-------
Melee: Dagger            |   222 |   103 |   166 ||   491
 Cast: Ensorcelled Hiber |    12 |    66 |    68 ||   146
       Corona            |     2 |     5 |     5 ||    12
       Confusing Touch   |       |     2 |    17 ||    19
  Use: Potion            |     1 |       |       ||     1
       Scroll            |       |     2 |       ||     2
 Stab: Sleeping          |    16 |    43 |    39 ||    98
       Confused          |       |     1 |    12 ||    13
       Distracted        |       |     1 |       ||     1
Armor: Robe              |    17 |     9 |    12 ||    38
Dodge: Dodged            |   203 |    71 |   125 ||   399
